 Dungeon Crawl Stone Soup version 0.16-a0-4005-g3d13fd6 (webtiles) character file.

366 motorbit the Conjurer (level 6, -1/32 HPs)
             Began as a Gargoyle Conjurer on Feb 16, 2015.
             Shot with an arrow by a centaur (8 damage)
             ... on level 5 of the Dungeon.
             The game lasted 00:14:06 (4620 turns).

motorbit the Conjurer (Gargoyle Conjurer)           Turns: 4620, Time: 00:14:07

Health: -1/32      AC:  9    Str: 12    XL:     6   Next: 68%
Magic:  11/15      EV: 12    Int: 17    God:
Gold:   178        SH:  0    Dex: 10    Spells: 3 memorised, 3 levels left

rFire  . . .     SeeInvis .     z - +1 dagger (freeze)
rCold  . . .     Clarity  .     a - +0 robe
rNeg   + . .     SustAb   .     (no shield)
rPois  ∞         Gourm    .     (no helmet)
rElec  +         Spirit   .     m - +0 cloak
rCorr  +         Warding  .     (no gloves)
rMut   .         Stasis   .     e - +1 pair of boots
MR     .....                    u - amulet of resist corrosion
Stlth  ++........               (no ring)
                                n - ring of poison resistance

@: not resistant to hostile enchantments, unstealthy
A: negative energy resistance 1, electricity resistance, unbreathing,
petrification resistance, rot immunity, AC +4
a: no special abilities


You were on level 5 of the Dungeon.
You were not hungry.

You visited 1 branch of the dungeon, and saw 5 of its levels.

You collected 178 gold pieces.


Innate Abilities, Weirdness & Mutations

You are resistant to torment.
You are immune to poison.
Your stone body is very resilient (AC +4).
You resist negative energy.
You are resistant to electric shocks.
You can survive without breathing.
You are immune to petrification.
You are immune to rotting.


   Skills:
 - Level 1.5 Dodging
 - Level 2.1 Stealth
 + Level 4.0 Spellcasting
 + Level 6.3 Conjurations
 * Level 2.8 Charms


You had 3 spell levels left.
You knew the following spells:

 Your Spells              Type           Power        Failure   Level  Hunger
a - Iskenderun's Battles  Conj/Chrm      ###.....     71%         5    ######.
z - Magic Dart            Conj           ###.         1%          1    None
Z - Iskenderun's Mystic   Conj           ###.....     14%         4    ####...

Inventory:

Hand weapons
 z - a +1 dagger of freezing (weapon)
Armour
 a - a +0 robe (worn)
 e - a +1 pair of boots (worn)
 m - a +0 cloak (worn)
 s - a +0 ring mail
Jewellery
 n - a ring of poison resistance (left hand)
 u - an amulet of resist corrosion (around neck)
Scrolls
 g - 3 scrolls of remove curse
 p - a scroll of blinking
 q - a scroll of teleportation {@r4}
 y - 3 scrolls of identify {@r1}
 C - a scroll of recharging
Potions
 f - 3 potions of curing {@q1}
 k - 2 potions of restore abilities
 l - 5 potions of heal wounds {unknown}
 v - a potion of mutation {unknown}
 w - 2 potions of degeneration {unknown}
 E - 2 potions of brilliance {unknown}
Books
 c - a book of Conjurations
 B - a book of Necromancy
Comestibles
 b - 3 bread rations
 d - a slice of pizza
 j - a meat ration

Dungeon Overview and Level Annotations

Branches:
Dungeon (5/15)
 Temple: D:4-7

Altars:
Ru

Annotations:
D:4 ark's ghost, average MiGl

# #. ##c#
#...##
##. #8##
#.# ##(#
#.# #(#
#<## ##.#
##.###.##
##...##
##.## #.#
#.#


You could see a centaur.


Message History

There is an entrance to an ossuary on this level.
Hurry and find it before the portal is buried!
There is a stone staircase leading up here.
Read which item? (? for menu, Esc to quit)
Okay, then.
You start resting.
Your magical contamination has completely faded away.
Magic restored.
You hear the slow hiss of a distant avalanche of sand.
A centaur comes into view.
The centaur shouts!
The centaur wields a shortbow.
The centaur shoots an arrow.
The arrow hits you but does no damage.
You see here an arrow.
The centaur shoots an arrow.
The arrow hits you but does no damage.
You see here an arrow.
The centaur shoots an arrow.
The arrow barely misses you.
You see here an arrow.
Aiming: Iskenderun's Mystic Blast
Aim: a centaur, wielding a shortbow The orb of energy hits the centaur.
The centaur is heavily wounded.
You are starving!
The centaur shoots an arrow.
The arrow hits you.
The centaur shoots an arrow.
The arrow barely misses you.
Eat which item? (? for menu, Esc to quit)
The centaur shoots an arrow.
The arrow hits you!
* * * LOW HITPOINT WARNING * * *
The centaur shoots an arrow.
The arrow hits you but does no damage.
The centaur shoots an arrow.
The arrow hits you!
You die...

Action                   |  1- 3 |  4- 6 || total
-------------------------+-------+-------++-------
Melee: Unarmed           |    35 |       ||    35
       Short sword       |    17 |    52 ||    69
       Dagger            |     1 |     2 ||     3
       War axe           |       |    10 ||    10
 Cast: Magic Dart        |    59 |   148 ||   207
       Iskenderun's Myst |       |     9 ||     9
  Use: Scroll            |     6 |     6 ||    12
       Potion            |     1 |       ||     1
  Eat: Chunk             |     2 |    10 ||    12
       Meat ration       |       |     1 ||     1

Vault maps used:
D:1:      ncdulo_wetmaze
D:3:      uniq_iyjb
D:4:      first_bread, minmay_misc_feat_more_columns, minivault_19,
          hangedman_ru_absence
D:5:      temple_green, serial_shops, shop, enter_ossuary_3

Notes
Turn   | Place    | Note
--------------------------------------------------------------
     0 | D:1      | motorbit, the Gargoyle Conjurer, began the quest for the Orb.
     0 | D:1      | Reached XP level 1. HP: 10/10 MP: 3/3
   288 | D:1      | Reached XP level 2. HP: 6/15 MP: 0/4
  1092 | D:2      | Reached skill level 5 in Conjurations
  1092 | D:2      | Reached XP level 3. HP: 17/19 MP: 0/6
  1252 | D:2      | Reached skill level 3 in Spellcasting
  1322 | D:2      | Reached XP level 4. HP: 12/24 MP: 3/9
  1416 | D:2      | Learned a level 4 spell: Iskenderun's Mystic Blast
  2063 | D:2      | Reached XP level 5. HP: 25/28 MP: 2/11
  2073 | D:2      | Learned a level 5 spell: Iskenderun's Battlesphere
  2416 | D:3      | Noticed Ijyb
  2473 | D:3      | Killed Ijyb
  2473 | D:3      | Reached skill level 1 in Charms
  3334 | D:4      | Reached skill level 6 in Conjurations
  3334 | D:4      | Reached skill level 2 in Charms
  3334 | D:4      | Reached XP level 6. HP: 32/32 MP: 3/13
  3635 | D:4      | Found a sacrificial altar of Ru.
  4025 | D:4      | Noticed ark's ghost (average MiGl)
  4450 | D:4      | Reached skill level 4 in Spellcasting
  4557 | D:5      | Entered Level 5 of the Dungeon
  4620 | D:5      | Shot with an arrow by a centaur

Vanquished Creatures
  A scorpion (D:4)
  A hound (D:4)
  3 worker ants
  A jelly (D:4)
  Ijyb (D:3)
  7 adders
  3 gnolls (D:2)
  2 giant geckos
  An ooze (D:2)
  An orc (D:4)
  A ball python (D:3)
  A bat skeleton (D:3)
  3 giant cockroaches
  7 goblins
  10 hobgoblins
  6 jackals
  7 kobolds
  10 bats
  4 giant newts
  10 rats
80 creatures vanquished.
